 Dungeon Crawl Stone Soup version 0.31.0-11-ge490571c62 (webtiles) character file.

Game seed: 4409595870417935822

16 qw the Shooter (level 2, 0/16 HPs)
             Began as a Deep Elf Hunter on Feb 4, 2024.
             Succumbed to an adder's poison
             ... on level 2 of the Dungeon.
             The game lasted 00:00:02 (505 turns).

qw the Shooter (Deep Elf Hunter)                     Turns: 505, Time: 00:00:02

Health: 0/16       AC:  3    Str:  8    XL:     2   Next: 41%
Magic:  4/4        EV: 12    Int: 13    God:
Gold:   34         SH:  0    Dex: 18    Spells: 1/1 levels left

rFire   . . .        a - +0 shortbow
rCold   . . .        (shield currently unavailable)
rNeg    . . .        c - +0 leather armour
rPois   .            (no helmet)
rElec   .            (no cloak)
rCorr   .            (no gloves)
SInv    .            (no boots)
Will    .....        (no amulet)
Stlth   ++           (no ring)
HPRegen 0.22/turn    (no ring)
MPRegen 0.09/turn

%: no passive effects
@: lethally poisoned (0 -> -6)
A: no striking features
a: no special abilities


You were on level 2 of the Dungeon.
You visited 1 branch of the dungeon, and saw 2 of its levels.

You collected 34 gold pieces.


   Skills:
 - Level 1.5 Fighting
 + Level 6.2 Ranged Weapons
 - Level 2.4 Dodging
 - Level 1.2 Stealth


You had one spell level left.
You didn't know any spells.
Your spell library was empty.

Inventory:

Hand Weapons
 a - a +0 shortbow (weapon)
Armour
 c - a +0 leather armour (worn)
Potions
 h - a potion of might {unknown}
 i - a potion of berserk rage {unknown}
 k - a potion of enlightenment {unknown}

Dungeon Overview and Level Annotations

Branches:
Dungeon (2/15)

Altars:


Message History

You climb downwards.
Found 5 poisoned darts.
There is a stone staircase leading up here.
Waypoint 1 assigned to D:2.
Found a stone staircase leading down.
You open the large door.
An adder and an endoplasm come into view.
You shoot an arrow. The arrow hits the endoplasm.
The endoplasm is almost dead.
The adder hisses angrily.
You shoot an arrow. The arrow hits the endoplasm.
You kill the endoplasm!
You shoot an arrow. The arrow hits the adder!
The adder is severely wounded.
The adder bites you.
You shoot an arrow. The arrow barely misses the adder.
The adder bites you.
You shoot an arrow. The arrow closely misses the adder.
The adder bites you but does no damage. The adder closely misses you.
You shoot an arrow. The arrow misses the adder.
The adder closely misses you.
You shoot an arrow. The arrow hits the adder.
The adder is almost dead.
The adder bites you but does no damage. The adder bites you.
You are poisoned.
The adder poisons you!
You shoot an arrow. The arrow completely misses the adder.
You feel sick. The adder bites you but does no damage.
You shoot an arrow. The arrow closely misses the adder.
You feel sick. The adder barely misses you.
The adder bites you but does no damage.
You shoot an arrow. The arrow closely misses the adder.
You feel sick. The adder bites you.
You shoot an arrow. The arrow closely misses the adder.
You feel sick. The adder bites you but does no damage. The adder bites you.
You are lethally poisoned!
The adder poisons you!
You shoot an arrow. The arrow hits the adder.
You kill the adder!
You die...

##### ...... ....
#..### .8.#..'.#
#.8...'@#
##.#..#.# ....
#.# .... #.#
########.##
..........#
##########.#.###
..(.............#
............#.###


There were no monsters in sight!

Vanquished Creatures
  An adder (D:2)
  A ball python (D:1)
  An endoplasm (D:2)
  2 giant cockroaches (D:1)
  4 goblins (D:1)
  2 bats (D:1)
  3 frilled lizards (D:1)
  2 rats (D:1)
16 creatures vanquished.

Notes
Turn   | Place    | Note
-------+----------+-------------------------------------------
     0 | D:1      | qw the Deep Elf Hunter began the quest for the Orb.
     0 | D:1      | Reached XP level 1. HP: 12/12 MP: 3/3
     0 | D:1      | 0 ||| qw: Version: 0.3-a-160-g6735b56
     0 | D:1      | 0 ||| qw: Game counter: 4831
     0 | D:1      | 0 ||| qw: Melee chars always use a shield: true
     0 | D:1      | 0 ||| qw: God list: Okawaru
     0 | D:1      | 0 ||| qw: Allow faded altars: false
     0 | D:1      | 0 ||| qw: Do Orc after clearing Dungeon:15 true
     0 | D:1      | 0 ||| qw: Do second Lair branch before Depths: true
     0 | D:1      | 0 ||| qw: Lair rune preference: random
     0 | D:1      | 0 ||| qw: Goals: Normal
     0 | D:1      | 0 ||| PLANNING D:1-11
   121 | D:1      | Reached skill level 6 in Ranged Weapons
   121 | D:1      | Reached XP level 2. HP: 16/16 MP: 4/4
   415 | D:1      | 415 ||| READING scroll labelled WOVVYL VEUGOIRO.
   416 | D:1      | 416 ||| READING scroll labelled RALAEN GOPOMPEKH.
   417 | D:1      | 417 ||| READING scroll labelled YMEASEF MAFU.
   418 | D:1      | 418 ||| READING scroll labelled OSIAFARUAM.
   418 | D:1      | 418 ||| IDENTIFYING viscous clear potion
   419 | D:1      | 419 ||| DROPPING scroll of butterflies.
   421 | D:1      | 421 ||| Stepping ~*~*~tactically~*~*~ (cloud).
   422 | D:1      | 422 ||| DRINKING potion of curing.
   422 | D:1      | 422 ||| (to cure poison)
   504 | D:2      | HP: 4/16 [poisoned by an adder]
   505 | D:2      | Succumbed to an adder's poison

Levels and vault maps discovered:
D:1:      lemuel_arrival_broad_hall, layout_rooms
D:2:      layout_basic, kennysheep_generic_room_4

Skill      XL: |  1 |
---------------+----+-----
Ranged Weapons | 6 |  6.2
Fighting       | |  1.5
Dodging        | |  2.4
Stealth        | |  1.2

Action                     || total
---------------------------++-------
   Fire: Shortbow          ||    41
    Use: Scroll            ||     4
         Potion            ||     1
 Armour: Leather armour    ||    12
  Dodge: Dodged            ||     6

Table legend:
 A = Non-vault XP
 B = Vault XP
 C = Vault XP percentage of total XP
 D = Non-vault monster count
 E = Vault monster count
 F = Vault count percentage of total count
                 A         B        C        D         E       F
            +---------+---------+-------+---------+---------+-------
      Total |      24 |      13 |  35.1 |      15 |       1 |   6.2
            +---------+---------+-------+---------+---------+-------
        D:1 |      22 |       0 |   0.0 |      14 |       0 |   0.0
        D:2 |       2 |      13 |  86.7 |       1 |       1 |  50.0
            +---------+---------+-------+---------+---------+-------
